Map: Ulrena

Players

Dixnet - Winner!

  • Race: Protoss Protoss
  • League: Bronze
  • Spawn Location: 7:00

zidar

  • Race: Zerg Zerg
  • League: Silver
  • Spawn Location: 11:00

VOD

Have the link to the VOD?

Description

Time

  • Played on: Nov. 18, 2015, 2:36 p.m.
  • Length: 12:30
Show
View Real Time Build Order
Export as new Build Order

Dixnet Protoss - Winner!

Build Orders:  

Get SALT Encoding   

  12  0:01  Probe (Chrono Boost)  
  13  0:11  Probe (Chrono Boost)  
  14  0:25  Probe (Chrono Boost), Pylon  
  15  0:43  Probe (Chrono Boost)  
  15  0:44  Gateway  
  16  0:54  Probe (Chrono Boost)  
  17  1:04  Probe (Chrono Boost)  
  17  1:10  Assimilator  
  18  1:15  Probe (Chrono Boost)  
  20  1:25  Probe (Chrono Boost)  
  20  1:36  Zealot  
  20  1:37  Probe (Chrono Boost)  
  23  1:42  Cybernetics Core  
  23  1:48  Pylon  
  23  2:00  Pylon  
  23  2:06  Probe (Chrono Boost), Zealot  
  26  2:09  Assimilator  
  26  2:16  Probe (Chrono Boost)  
  26  2:18  Warp Gate (Chrono Boost)  
  27  2:28  Probe  
  28  2:40  Probe  
  29  2:46  Stalker  
  31  3:05  Gateway  
  31  3:07  Gateway  
  31  3:09  Robotics Facility  
  31  3:17  Nexus  
  31  3:20  Pylon  
  31  3:22  Probe  
  31  3:27  Stalker  
  34  3:42  Twilight Council  
  34  3:49  Probe  
  35  3:57  Immortal  
  39  4:12  Forge  
  39  4:22  Pylon  
  39  4:23  Blink (Chrono Boost)  
  39  4:24  Assimilator  
  39  4:27  Sentry  
  41  4:32  Probe  
  42  4:42  Probe  
  43  4:53  Mothership Core  
  43  4:57  Stalker x2  
  39  5:32  Stalker  
  39  5:33  Stalker x2  
  45  5:37  Warp Prism  
  45  5:38  Probe  
  48  5:49  Probe  
  48  5:56  Stalker  
  51  5:57  Stalker  
  51  5:58  Zealot  
  51  5:59  Probe  
  56  6:05  Protoss Shields Level 1 (Chrono Boost)  
  56  6:07  Probe  
  56  6:10  Probe  
  58  6:21  Probe  
  59  6:26  Sentry x2  
  59  6:28  Zealot  
  57  7:02  Stalker  
  57  7:03  Stalker x2  
  63  7:13  Immortal (Chrono Boost)  
  67  7:15  Probe  
  67  7:17  Assimilator  
  67  7:20  Probe  
  69  7:31  Pylon  
  69  7:32  Probe  
  69  7:34  Pylon  
  69  7:35  Protoss Ground Weapons Level 1  
  69  7:36  Pylon  
  70  7:50  Immortal (Chrono Boost)  
  74  7:56  Stalker  
  74  7:57  Stalker x2  
  80  8:24  Immortal (Chrono Boost)  
  80  8:25  Probe  
  85  8:35  Nexus  
  85  8:36  Stalker x3  
  85  8:37  Probe, Pylon  
  85  8:40  Pylon  
  92  8:42  Assimilator  
  92  8:45  Gateway  
  92  8:46  Assimilator  
  92  8:47  Gateway  
  92  9:18  Protoss Shields Level 2  
  92  9:20  Stalker x2  
  92  9:21  Stalker  
  98  9:33  Pylon  
  98  9:45  Stalker x2  
  100  9:46  Zealot x2  
  106  9:56  Sentry  
  108  10:15  Zealot  
  110  10:26  Stalker x2  
  110  10:27  Stalker x2  
  110  10:28  Probe  
  118  10:32  Probe  
  118  10:35  Probe  
  121  10:38  Probe  
  122  10:44  Probe  
  122  10:47  Probe  
  122  10:49  Probe  
  120  10:56  Probe  
  116  10:59  Probe  
  116  11:01  Stalker x5  
  91  11:30  Stalker x2  
  91  11:31  Stalker  
  91  11:32  Stalker x2  
  91  11:59  Stalker  
  91  12:00  Stalker  
  89  12:01  Stalker  
  89  12:06  Stalker x2  
  95  12:24  Stalker x2  
  95  12:25  Sentry  
Show
View Real Time Build Order
Export as new Build Order

zidar Zerg 

Build Orders: Hatch First 

Get SALT Encoding   

  12  0:02  Drone  
  13  0:12  Drone  
  14  0:17  Overlord  
  14  0:21  Extractor  
  13  0:24  Drone  
  15  0:37  Drone x2  
  17  1:02  Hatchery  
  17  1:03  Drone  
  17  1:18  Spawning Pool  
  17  1:20  Drone  
  17  1:23  Extractor, Drone  
  18  1:40  Drone x2  
  19  1:47  Overlord  
  19  1:57  Drone  
  20  2:10  Queen  
  20  2:15  Queen  
  24  2:28  Drone x5  
  29  2:35  Metabolic Boost  
  28  3:02  Roach Warren  
  28  3:03  Drone x6  
  33  3:17  Overlord  
  33  3:19  Overlord  
  33  3:33  Zergling x6  
  36  3:37  Zergling x6  
  36  3:38  Zergling x2  
  40  3:44  Extractor  
  39  3:48  Extractor  
  38  4:00  Overlord  
  38  4:02  Roach  
  40  4:03  Roach x6  
  52  4:43  Overlord x2  
  54  4:45  Roach  
  54  4:46  Roach x3  
  60  5:03  Lair  
  49  5:32  Roach  
  49  5:33  Roach x4  
  59  5:49  Overlord x2  
  59  5:51  Overlord  
  59  6:07  Queen  
  61  6:12  Hydralisk Den  
  61  6:13  Overseer  
  60  6:23  Drone x12  
  72  6:28  Hatchery  
  43  6:54  Zergling x2  
  43  6:55  Zergling x18  
  53  7:15  Extractor  
  52  7:16  Roach x4  
  57  8:00  Hydralisk x5  
  57  8:01  Hydralisk x6  
  79  8:10  Drone x3  
  82  8:37  Overlord x3  
  82  8:38  Overlord  
  82  8:47  Muscular Augments  
  82  8:49  Glial Reconstitution  
  82  9:01  Roach x7  
  96  9:20  Roach x3  
  96  9:21  Roach x6  
  114  9:28  Overlord  
  114  9:29  Overlord  
  114  9:30  Overlord  
  114  9:39  Overseer  
  114  9:40  Overseer  
  114  9:46  Drone x2  
  114  9:50  Drone x5  
  121  10:07  Evolution Chamber  
  120  10:10  Evolution Chamber  
  119  10:22  Drone x3  
  119  10:23  Drone x9  
  81  11:16  Hydralisk x8  
  81  11:17  Hydralisk x9  
  66  11:56  Hydralisk x3  
  66  11:57  Hydralisk x8  
Tags
 
Matchup
PvZ
Spawn Locations
Close Positions
Add a new tag
Caveats
  • Supply blocks, unpowered buildings, or Contaminate may cause inaccurate times.
  • Supply counts are checked every 10 seconds.